[Event "Titled Tuesday Blitz June 28 Late 2022"]
[White "Petersson, Kjell"]
[Black "Hansen, Eric"]
[WhiteFideId "1705148"]
[BlackFideId "2606771"]
[WhiteElo "2009"]
[BlackElo "2568"]
[Result "0-1"]
[Round "03"]
[TimeControl "180+1"]
[Date "2022.06.29"]
[WhiteClock "0:00:05"]
[BlackClock "0:01:09"]

1. d4 Nf6 2. Bf4 b6 3. Nf3 Bb7 4. e3 d6 5. Bd3 Nbd7 6. c4 g6 7. Nc3 Bg7 8. Qc2 O-O 9. h4 Qe8 10. h5 e5 11. hxg6 hxg6 12. Bh6 e4 13. O-O-O exd3 14. Qxd3 Bxh6 15. Rxh6 Ng4 16. Rdh1 Nxh6 17. Rxh6 Kg7 18. Rh3 Bxf3 19. gxf3 Rh8 20. Rg3 Nf6 21. f4 Rh1+ 22. Kc2 Rh2 23. f5 Rxf2+ 24. Kb3 a6 25. fxg6 fxg6 26. e4 Nh5 27. Rg4 Qf7 28. e5 dxe5 29. dxe5 Re8 30. Qd4 Re6 31. Ne4 Rf3+ 32. Nc3 Rf4 33. Rxf4 Qxf4 34. Qd7+ Qf7 35. Qd4 c5 36. Qe3 Qe7 37. Nd5 Rxe5 38. Qd2 Qd6 39. Qc3 b5 40. Ne3 Kh7 41. Ng4 Re4 42. Qf3 Qf4 43. Qh3 Qxg4 0-1


[Site "https://www.chess.com"]

[Event "Titled Tuesday Blitz June 28 Late 2022"]
[White "Pinheiro, Iung Alicio de O."]
[Black "Lopez Gracia, Fernando"]
[WhiteFideId "2104350"]
[BlackFideId "2207184"]
[WhiteElo "2283"]
[BlackElo "2442"]
[Result "0-1"]
[Round "03"]
[TimeControl "180+1"]
[Date "2022.06.29"]
[WhiteClock "0:00:04"]
[BlackClock "0:00:06"]

1. e4 e5 2. Nf3 Nc6 3. Nc3 Nf6 4. g3 d6 5. h3 Be7 6. Bg2 O-O 7. O-O h6 8. d3 Be6 9. Kh2 d5 10. Nd2 d4 11. Ne2 Nd7 12. f4 f5 13. exf5 Bxf5 14. g4 Bh7 15. f5 Bg5 16. Ne4 Bxc1 17. Rxc1 Nf6 18. N2g3 Kh8 19. Nxf6 Qxf6 20. Ne4 Qe7 21. Qe1 Bg8 22. h4 Bd5 23. Qg3 Nb8 24. g5 Nd7 25. Rce1 Bxe4 26. Rxe4 Qf7 27. b3 Rae8 28. Bh3 Qe7 29. Rfe1 Qd6 30. Rf1 Nc5 31. Re2 e4 32. Qxd6 cxd6 33. dxe4 Rxe4 34. Rfe1 d5 35. Bg2 Rxh4+ 36. Kg3 hxg5 37. Re8 Rxe8 38. Rxe8+ Kh7 39. Bxd5 b6 40. Bf7 g6 41. Bxg6+ Kg7 42. Re7+ Kf6 43. Rxa7 Ke5 44. Re7+ Kf6 45. Rf7+ Ke5 46. Rf8 Ne4+ 47. Kg2 Rg4+ 48. Kf1 Rf4+ 49. Ke1 Nf6 50. Rf7 g4 51. Re7+ Kd5 52. Re2 Ne4 53. Bf7+ Ke5 54. Be6 g3 55. Rg2 Rf3 56. Bc4 Kf4 57. Bd3 Nf6 58. Ke2 Re3+ 59. Kd2 Nd5 60. a4 Kg4 0-1


[Site "https://www.chess.com"]

[Event "Titled Tuesday Blitz June 28 Late 2022"]
[White "Plazuelo Pascual, Juan"]
[Black "Ipek, Egehan"]
[WhiteFideId "32059566"]
[BlackFideId "44523793"]
[WhiteElo "2359"]
[BlackElo "1413"]
[Result "1-0"]
[Round "03"]
[TimeControl "180+1"]
[Date "2022.06.29"]
[WhiteClock "0:01:05"]
[BlackClock "0:00:02"]

1. e4 c5 2. Nf3 e6 3. c3 d5 4. exd5 Qxd5 5. d4 Nf6 6. Na3 Nc6 7. Nb5 Qd8 8. dxc5 Bxc5 9. Bf4 Nd5 10. Bg3 a6 11. Nbd4 Nxd4 12. Nxd4 O-O 13. Be2 b5 14. O-O Bb7 15. Bf3 Qd7 16. a4 b4 17. Nb3 Qe7 18. c4 Rfd8 19. cxd5 Bxd5 20. Nxc5 Bc4 21. Qc2 Bxf1 22. Bxa8 Rxa8 23. Rxf1 Rc8 24. Rc1 h6 25. h3 a5 26. b3 Qf6 27. Qc4 Qb2 28. Rc2 Qb1+ 29. Kh2 Qe1 30. Nd3 Qf1 31. Qxc8+ Kh7 32. Qc4 Qd1 33. Ne5 g6 34. Qc7 Qxc2 35. Qxf7+ Kh8 36. Nxg6+ Qxg6 37. Be5+ Qg7 38. Qxg7# 1-0


[Site "https://www.chess.com"]

[Event "Titled Tuesday Blitz June 28 Late 2022"]
[White "Popilski, Gil"]
[Black "Nozdrachev, Leonid"]
[WhiteFideId "2809060"]
[BlackFideId "24113433"]
[WhiteElo "2537"]
[BlackElo "2129"]
[Result "1-0"]
[Round "03"]
[TimeControl "180+1"]
[Date "2022.06.29"]
[WhiteClock "0:01:45"]
[BlackClock "0:01:42"]

1. e4 c6 2. Nc3 d5 3. Nf3 dxe4 4. Nxe4 Nf6 5. Qe2 Nxe4 6. Qxe4 Nd7 7. Bc4 Nf6 8. Ne5 e6 9. Qe2 b5 10. Bd3 Qc7 11. f4 Bc5 12. b3 Bd4 13. c3 Nd5 14. cxd4 Nxf4 15. Qf3 Nxd3+ 16. Qxd3 O-O 17. Ba3 Rd8 18. Qe4 Bb7 19. Bc5 a5 20. O-O f6 21. Nd3 Qf7 22. Nf4 e5 23. dxe5 fxe5 24. Qxe5 Rxd2 25. Nh5 Qg6 26. Ng3 Rd5 27. Qe7 Rxc5 28. Qxc5 1-0


[Site "https://www.chess.com"]

[Event "Titled Tuesday Blitz June 28 Late 2022"]
[White "Prieto Aranguren, Alain"]
[Black "Della Morte, German"]
[WhiteFideId "2268906"]
[BlackFideId "113522"]
[WhiteElo "2224"]
[BlackElo "2363"]
[Result "0-1"]
[Round "03"]
[TimeControl "180+1"]
[Date "2022.06.29"]
[WhiteClock "0:00:02"]
[BlackClock "0:00:10"]

1. d4 Nf6 2. c4 g6 3. Nc3 Bg7 4. e4 d6 5. Be2 O-O 6. Nf3 e5 7. dxe5 dxe5 8. Qxd8 Rxd8 9. Bg5 c6 10. O-O Re8 11. Rfd1 Na6 12. b3 Nc5 13. Nd2 a5 14. f3 Be6 15. Be3 Bf8 16. Nf1 Nfd7 17. Rd2 a4 18. b4 Na6 19. a3 f5 20. Rad1 Nf6 21. exf5 gxf5 22. Nxa4 Nxb4 23. axb4 Rxa4 24. c5 Rxb4 25. Bf2 f4 26. Bd3 e4 27. fxe4 Nxe4 28. Bxe4 Rxe4 29. Rd8 Kf7 30. Rxe8 Kxe8 31. Nd2 Rb4 32. Nf3 Bd5 33. Ne5 Rb5 34. Ra1 Bxc5 35. Ra8+ Ke7 36. Bxc5+ Rxc5 37. Rh8 Rc1+ 38. Kf2 Rc2+ 39. Ke1 Rxg2 40. Rxh7+ Ke6 41. Nd3 Kf5 42. Rxb7 f3 43. Rb8 Re2+ 44. Kf1 Bc4 45. Rf8+ Kg4 0-1


[Site "https://www.chess.com"]

[Event "Titled Tuesday Blitz June 28 Late 2022"]
[White "Prydun, Andriy"]
[Black "Kaganskiy, Gleb"]
[WhiteFideId "14145898"]
[BlackFideId "4132025"]
[WhiteElo "2063"]
[BlackElo "2165"]
[Result "1-0"]
[Round "03"]
[TimeControl "180+1"]
[Date "2022.06.29"]
[WhiteClock "0:00:10"]
[BlackClock "0:01:25"]

1. e4 g6 2. d4 Nf6 3. Nc3 d5 4. exd5 Nxd5 5. Nf3 Bg7 6. Bc4 Nxc3 7. bxc3 O-O 8. O-O c5 9. Ba3 b6 10. dxc5 Bb7 11. cxb6 axb6 12. Qxd8 Rxd8 13. Bxe7 Re8 14. Bd6 Bxf3 15. gxf3 Nc6 16. Rab1 Ne5 17. Bxe5 Bxe5 18. Rxb6 Bxc3 19. Rb7 Rf8 20. Rd1 Rac8 21. Bb3 Rc6 22. Rdd7 Rf6 23. Kg2 Kg7 24. a4 h6 25. Ra7 g5 26. a5 h5 27. h3 Bb4 28. a6 g4 29. hxg4 hxg4 30. fxg4 Bc5 31. Rab7 Rxa6 32. Rxf7+ Rxf7 33. Rxf7+ Kg6 34. Rf5 Bd4 35. Bc4 Rc6 36. Bd3 Kg7 37. Kg3 Ba7 38. f4 Bb8 39. g5 Re6 40. Kg4 Re1 41. Rb5 Rg1+ 42. Kf5 Bd6 43. Rb6 Kf8 44. Rxd6 Ke7 45. Re6+ Kf7 46. Rf6+ Kg7 47. Bc4 Rg2 48. Rf7+ Kh8 49. Kg6 Kg8 50. Rf6+ Kh8 51. Rf8# 1-0


[Site "https://www.chess.com"]

[Event "Titled Tuesday Blitz June 28 Late 2022"]
[White "Ricaurte Lopez, Juan Carlos"]
[Black "Isajevsky, Anton"]
[WhiteFideId "3600327"]
[BlackFideId "4142500"]
[WhiteElo "2209"]
[BlackElo "2510"]
[Result "1-0"]
[Round "03"]
[TimeControl "180+1"]
[Date "2022.06.29"]
[WhiteClock "0:01:26"]
[BlackClock "0:00:02"]

1. e4 c5 2. Nf3 d6 3. d4 cxd4 4. Nxd4 Nf6 5. Nc3 a6 6. f4 Qc7 7. Bd3 Nbd7 8. Nf3 e6 9. O-O Be7 10. Kh1 O-O 11. Qe2 b5 12. e5 Nd5 13. Nxd5 exd5 14. e6 Nc5 15. exf7+ Rxf7 16. Bd2 Bb7 17. Ng5 Bxg5 18. fxg5 Nxd3 19. Qxd3 Rxf1+ 20. Rxf1 d4 21. Qxd4 Qc6 22. Rf2 Rf8 23. Bc3 Qd7 24. h3 Rxf2 25. Qxf2 Qxh3+ 26. Kg1 Qe6 27. Qd4 Qd7 28. b3 Bc8 29. Bb4 1-0


[Site "https://www.chess.com"]

[Event "Titled Tuesday Blitz June 28 Late 2022"]
[White "Riehle, Marco"]
[Black "Romanchuk, Viktor"]
[WhiteFideId "12904392"]
[BlackFideId "14109271"]
[WhiteElo "2462"]
[BlackElo "2242"]
[Result "1-0"]
[Round "03"]
[TimeControl "180+1"]
[Date "2022.06.28"]
[WhiteClock "0:01:35"]
[BlackClock "0:01:39"]

1. e4 e6 2. c4 d5 3. cxd5 exd5 4. Qb3 Nf6 5. e5 Ne4 6. Nc3 Nxc3 7. bxc3 Be7 8. d4 O-O 9. Nf3 Nc6 10. Bd3 f6 11. O-O fxe5 12. Nxe5 Nxe5 13. dxe5 c6 14. Be3 c5 15. Rad1 Kh8 16. Bb1 Be6 17. Qxb7 Rf7 18. Qc6 Qc8 19. Qxc8+ Rxc8 20. f4 g6 21. Bc2 Bf8 22. Rb1 Rd7 23. f5 gxf5 24. Bxf5 Bxf5 25. Rxf5 d4 26. cxd4 cxd4 27. Bf4 Bc5 28. e6 d3+ 29. Rxc5 1-0


[Site "https://www.chess.com"]

[Event "Titled Tuesday Blitz June 28 Late 2022"]
[White "Romero Ruscalleda, Josep"]
[Black "De La Colina, Nicolas"]
[WhiteFideId "2231859"]
[BlackFideId "30946921"]
[WhiteElo "2280"]
[BlackElo "2046"]
[Result "1/2-1/2"]
[Round "03"]
[TimeControl "180+1"]
[Date "2022.06.29"]
[WhiteClock "0:00:36"]
[BlackClock "0:00:06"]

1. e4 c5 2. c3 Nf6 3. e5 Nd5 4. Nf3 d6 5. Bc4 Nb6 6. Bb3 Nc6 7. exd6 Qxd6 8. O-O g6 9. Na3 Bg7 10. Re1 a6 11. Qe2 O-O 12. h3 Bf5 13. d4 cxd4 14. Nxd4 Nxd4 15. cxd4 Rfe8 16. Be3 Rac8 17. Rad1 Be6 18. Bf4 Qxf4 19. Bxe6 Rcd8 20. g3 Qf6 21. Bg4 e6 22. Nc4 Nxc4 23. Qxc4 Rxd4 24. Qc7 Rxd1 25. Rxd1 Qxb2 26. Rd7 Rf8 27. Qxb7 Qxb7 28. Rxb7 Ra8 29. Bf3 Rc8 30. Ra7 Rc2 31. Ra8+ Bf8 32. a4 Kg7 33. Kf1 Bc5 34. Be2 Rc1+ 35. Kg2 Rc2 36. Kf3 Rc3+ 37. Kg2 Rc2 38. Kf1 Rc1+ 39. Kg2 Rc2 1/2-1/2


[Site "https://www.chess.com"]

[Event "Titled Tuesday Blitz June 28 Late 2022"]
[White "Rosen, Eric"]
[Black "Xiong, Jeffery"]
[WhiteFideId "2032562"]
[BlackFideId "2047640"]
[WhiteElo "2362"]
[BlackElo "2714"]
[Result "0-1"]
[Round "03"]
[TimeControl "180+1"]
[Date "2022.06.28"]
[WhiteClock "0:00:03"]
[BlackClock "0:00:09"]

1. d4 d5 2. Bf4 Nf6 3. e3 g6 4. Nc3 Bg7 5. h4 h5 6. Nf3 Bg4 7. Qd2 Bxf3 8. gxf3 Nbd7 9. O-O-O Nf8 10. e4 c6 11. Kb1 Ne6 12. Be3 dxe4 13. fxe4 Ng4 14. Bh3 Qa5 15. e5 Rd8 16. Qe2 c5 17. Bxg4 Nxd4 18. Bxd4 cxd4 19. e6 dxc3 20. exf7+ Kf8 21. Rxd8+ Qxd8 22. Be6 Bf6 23. Qe4 Qd6 24. Re1 Kg7 25. Rg1 Rh6 26. Bb3 Qc6 27. Qd3 Qd6 28. Qb5 Rh8 29. Qe8 Rf8 30. Qa4 Rd8 31. a3 Qd1+ 32. Rxd1 Rxd1+ 33. Ka2 cxb2 34. f8=Q+ Kxf8 0-1


[Site "https://www.chess.com"]

[Event "Titled Tuesday Blitz June 28 Late 2022"]
[White "Rostovtsev, Dmitry"]
[Black "Perera Alfonso, Rene Humberto"]
[WhiteFideId "34278320"]
[BlackFideId "3514722"]
[WhiteElo "2761"]
[BlackElo "2499"]
[Result "1-0"]
[Round "03"]
[TimeControl "180+1"]
[Date "2022.06.29"]
[WhiteClock "0:00:16"]
[BlackClock "0:00:15"]

1. c4 e5 2. Nc3 Nc6 3. Nf3 Bb4 4. e4 Nge7 5. d3 d6 6. a3 Bc5 7. b4 Bb6 8. Be2 O-O 9. Na4 Bg4 10. O-O Bxf3 11. Bxf3 Bd4 12. Rb1 f5 13. exf5 Nxf5 14. b5 Nce7 15. Bxb7 Rb8 16. Be4 Qe8 17. Qg4 Rf6 18. Bg5 Rf7 19. Rbc1 a6 20. Nc3 h6 21. Bxe7 Nxe7 22. Nd5 axb5 23. Nxc7 Qd8 24. Nxb5 Rf4 25. Qe6+ Kh8 26. g3 Rf6 27. Qg4 Bc5 28. Kg2 d5 29. Bf3 dxc4 30. Qxc4 Bb6 31. Be4 Qf8 32. f3 Be3 33. Rc2 Rc8 34. Qb3 Rxc2+ 35. Qxc2 Nf5 36. Bxf5 Rxf5 37. a4 Rf6 38. Qe2 Bd4 39. Nxd4 exd4 40. Ra1 Qc8 41. a5 Re6 42. Qf2 Rc6 43. Ra2 Rd6 44. h4 Qa6 45. Ra3 Qb5 46. a6 Rxa6 47. Rxa6 Qxa6 48. Qxd4 Qa2+ 49. Kh3 Qe6+ 50. g4 Qe2 51. h5 Qxf3+ 52. Kh2 Qe2+ 53. Kg3 Qe1+ 54. Qf2 Qe5+ 55. Qf4 Qe1+ 56. Kf3 Qd1+ 57. Ke4 Qe2+ 58. Kd4 Qb2+ 59. Kd5 Qb5+ 60. Ke4 Qc6+ 61. Ke3 Qc1+ 62. Ke4 Qc6+ 63. Kd4 Qb6+ 64. Kc3 Qa5+ 65. Qb4 Qa1+ 66. Kc4 Qa6+ 67. Kd4 Qa1+ 68. Kd5 Qa8+ 69. Ke5 Qa1+ 70. d4 Qd1 71. Qf8+ Kh7 72. Qf5+ Kh8 73. d5 Qa1+ 74. Ke6 Qa2 75. Qf8+ Kh7 76. Qf5+ Kh8 77. Ke7 Qa7+ 78. Qd7 Qe3+ 79. Qe6 Qa7+ 80. Kf8 Qa8+ 81. Kf7 Qb7+ 82. Kg6 Qb1+ 83. Qf5 Qb3 84. Qf8# 1-0


[Site "https://www.chess.com"]

[Event "Titled Tuesday Blitz June 28 Late 2022"]
[White "Rustemov, Alexander"]
[Black "Dauner, Benedikt"]
[WhiteFideId "4119002"]
[BlackFideId "16225899"]
[WhiteElo "2730"]
[BlackElo "2230"]
[Result "1-0"]
[Round "03"]
[TimeControl "180+1"]
[Date "2022.06.28"]
[WhiteClock "0:00:31"]
[BlackClock "0:00:07"]

1. d4 c5 2. d5 g6 3. c4 Bg7 4. e4 d6 5. Nc3 Nf6 6. Bd3 O-O 7. h3 e6 8. Nf3 Na6 9. O-O Re8 10. Be3 Nc7 11. a4 Na6 12. Rc1 Nb4 13. Bb1 exd5 14. exd5 a6 15. Qd2 Bd7 16. Rfe1 Qc8 17. Bf4 Rxe1+ 18. Rxe1 Ne8 19. Ne4 Qc7 20. b3 Bf5 21. g4 Bxe4 22. Bxe4 Nf6 23. Bb1 Re8 24. Rxe8+ Nxe8 25. Kg2 Qe7 26. Qe3 Qxe3 27. Bxe3 Nf6 28. Bf4 Bf8 29. Nd2 Be7 30. Be3 Nd7 31. f4 f6 32. g5 f5 33. h4 h6 34. Kf3 hxg5 35. fxg5 Ne5+ 36. Ke2 Bf8 37. Nf1 Ng4 38. Bf4 Ne5 39. Ng3 Be7 40. h5 gxh5 41. Nxf5 Bd8 42. Nxd6 Ng4 43. Ne4 Kf7 44. Nxc5 h4 45. Kf3 h3 46. Kxg4 Be7 47. Ne6 h2 48. Bxh2 b5 49. g6+ Kg8 50. d6 Bxd6 51. Bxd6 Nc6 52. cxb5 axb5 53. axb5 Na7 54. b6 Nc8 55. Bc5 Kh8 56. b7 Ne7 57. b8=Q+ Ng8 58. Bd4# 1-0


[Site "https://www.chess.com"]

[Event "Titled Tuesday Blitz June 28 Late 2022"]
[White "Saito, Vinicius"]
[Black "Tinmaz, Kerem"]
[WhiteFideId "2113384"]
[BlackFideId "44559151"]
[WhiteElo "2168"]
[BlackElo "1443"]
[Result "0-1"]
[Round "03"]
[TimeControl "180+1"]
[Date "2022.06.29"]
[WhiteClock "0:00:43"]
[BlackClock "0:00:04"]

1. e4 c6 2. c4 d5 3. exd5 cxd5 4. cxd5 Nf6 5. Nc3 g6 6. Bc4 Bg7 7. d3 O-O 8. Qb3 a6 9. a4 Nbd7 10. Nf3 Re8 11. O-O Nc5 12. Qb4 Qc7 13. Be3 b6 14. a5 Ncd7 15. axb6 Qb7 16. Na4 Ng4 17. Nc5 Nxc5 18. Qxc5 Nxe3 19. fxe3 Bxb2 20. Rab1 Bg7 21. d4 Bf5 22. Rb3 Rec8 23. Qb4 a5 24. Qb5 Bd7 25. Qa6 Rxa6 26. Bxa6 Qxa6 27. b7 Rb8 28. Rfb1 a4 29. Rb6 Qa7 30. Ne5 Bxe5 31. dxe5 a3 32. e6 fxe6 33. dxe6 Be8 34. R6b3 a2 35. Ra1 Rxb7 36. Rxb7 Qxb7 37. h3 Qb1+ 0-1


[Site "https://www.chess.com"]

[Event "Titled Tuesday Blitz June 28 Late 2022"]
[White "Barria Santos, Jose Guilherme"]
[Black "Shapiro, Daniel"]
[WhiteFideId "1939300"]
[BlackFideId "2001780"]
[WhiteElo "2261"]
[BlackElo "2285"]
[Result "1-0"]
[Round "03"]
[TimeControl "180+1"]
[Date "2022.06.29"]
[WhiteClock "0:01:41"]
[BlackClock "0:00:11"]

1. d4 Nf6 2. c4 e6 3. Nc3 Bb4 4. Qc2 c5 5. dxc5 Bxc5 6. Nf3 Qb6 7. e3 Qc7 8. e4 d6 9. Bg5 Nbd7 10. Rd1 a6 11. a3 h6 12. Bf4 Ne5 13. Be2 O-O 14. b4 Ba7 15. c5 Nfd7 16. cxd6 Nxf3+ 17. Bxf3 Qc4 18. Be2 Qc6 19. O-O e5 20. b5 axb5 21. Bxb5 Qc5 22. Be3 Qxa3 23. Ra1 Qb4 24. Rfb1 Bxe3 25. Rxa8 Qc5 26. fxe3 Qxe3+ 27. Kh1 Nb6 28. d7 Nxa8 29. Nd5 Qh3 1-0


[Site "https://www.chess.com"]

[Event "Titled Tuesday Blitz June 28 Late 2022"]
[White "Sarkar, Justin"]
[Black "Rosenberg, Evan S"]
[WhiteFideId "2010011"]
[BlackFideId "2019299"]
[WhiteElo "2020"]
[BlackElo "2193"]
[Result "1-0"]
[Round "03"]
[TimeControl "180+1"]
[Date "2022.06.29"]
[WhiteClock "0:00:09"]
[BlackClock "0:00:02"]

1. e4 e6 2. d4 d5 3. exd5 exd5 4. Qf3 Nf6 5. h3 h6 6. Bd3 c5 7. dxc5 Bxc5 8. Ne2 Nc6 9. Qg3 Nh5 10. Qf3 Nf6 11. Bf4 Qb6 12. Nbc3 Be6 13. O-O Nd4 14. Nxd4 Bxd4 15. Nb5 O-O 16. Nxd4 Qxd4 17. c3 Qb6 18. Bxh6 Ne4 19. Bxe4 dxe4 20. Qg3 g6 21. Bxf8 Rxf8 22. b3 Qc5 23. Rad1 a5 24. Rd4 Bf5 25. Rfd1 Re8 26. Rd8 Rxd8 27. Rxd8+ Kg7 28. Qe3 Qe7 29. Qd4+ f6 30. Qd6 Qf7 31. g4 Be6 32. g5 fxg5 33. Qe5+ Qf6 34. Qxf6+ Kxf6 35. Rb8 Bd5 36. c4 Bc6 37. Ra8 b6 38. Ra6 Ke6 39. Rxb6 Kd6 40. Kh2 Kc5 41. Ra6 a4 42. Rxc6+ Kxc6 43. bxa4 Kc5 44. a5 1-0


[Site "https://www.chess.com"]

[Event "Titled Tuesday Blitz June 28 Late 2022"]
[White "Saveliev, Alexei"]
[Black "Kostiukov, Alexandr"]
[WhiteFideId "24128546"]
[BlackFideId "14108100"]
[WhiteElo "2281"]
[BlackElo "2202"]
[Result "0-1"]
[Round "03"]
[TimeControl "180+1"]
[Date "2022.06.29"]
[WhiteClock "0:00:01"]
[BlackClock "0:00:17"]

1. c4 c5 2. Nc3 Nf6 3. e3 g6 4. d4 Bg7 5. Nf3 O-O 6. d5 e6 7. Be2 exd5 8. cxd5 d6 9. O-O Re8 10. h3 a6 11. a4 Nbd7 12. Nd2 Rb8 13. e4 Qc7 14. f3 Nh5 15. Re1 Ne5 16. Nf1 Nf6 17. Bf4 Bd7 18. a5 b5 19. axb6 Rxb6 20. Qc1 Bb5 21. Bxe5 Rxe5 22. Ne3 Nh5 23. Nc4 Bxc4 24. Bxc4 Qb7 25. Ra2 Re8 26. b3 Bd4+ 27. Kh2 Be5+ 28. Kg1 Bd4+ 29. Kh1 Qe7 30. Ne2 Bf2 31. Rf1 Qh4 32. Rxa6 Rxa6 33. Bxa6 Ng3+ 34. Nxg3 Qxg3 35. Bd3 g5 36. Qd2 Bd4 37. f4 Be3 38. Qe2 Bxf4 39. Kg1 Qh2+ 40. Kf2 Ra8 41. Qg4 Ra2+ 42. Be2 Kg7 43. Rb1 h5 44. Qf3 h4 45. b4 Bg3+ 46. Ke3 Be5 47. bxc5 dxc5 48. Rb7 Ra3+ 49. Bd3 Bd4+ 50. Kd2 Ra2+ 51. Bc2 Bf6 52. Qf2 Qe5 0-1


[Site "https://www.chess.com"]

[Event "Titled Tuesday Blitz June 28 Late 2022"]
[White "Silvestre, Christian"]
[Black "Gardezi, Arsal"]
[WhiteFideId "30956269"]
[BlackFideId "30949521"]
[WhiteElo "2361"]
[BlackElo "1781"]
[Result "1-0"]
[Round "03"]
[TimeControl "180+1"]
[Date "2022.06.29"]
[WhiteClock "0:01:09"]
[BlackClock "0:00:02"]

1. e4 e6 2. d4 d5 3. e5 c5 4. c3 Nc6 5. Nf3 Bd7 6. Bd3 Rc8 7. O-O cxd4 8. cxd4 Nb4 9. Nc3 Nxd3 10. Qxd3 a6 11. Bg5 Be7 12. h4 h6 13. Bxe7 Nxe7 14. h5 b5 15. Rfc1 O-O 16. Ne2 Qb6 17. Rxc8 Rxc8 18. Rc1 Nc6 19. Rc5 Rc7 20. g4 Nxd4 21. Rxc7 Nxf3+ 22. Qxf3 Qxc7 23. Qc3 Qxc3 24. bxc3 Kf8 25. f4 Ke8 26. Kf2 Kd8 27. Ke3 Kc7 28. Kd4 Kb6 29. g5 a5 30. Nc1 b4 31. cxb4 axb4 32. Nd3 Kb5 33. Nf2 Ka4 34. Nd3 Ka3 35. Kc5 b3 36. axb3 Kxb3 37. Kd4 Bb5 38. Nc5+ Kc2 39. g6 fxg6 40. hxg6 Be8 41. Nxe6 Bxg6 42. Nxg7 1-0


[Site "https://www.chess.com"]

[Event "Titled Tuesday Blitz June 28 Late 2022"]
[White "So, Wesley"]
[Black "Makarian, Rudik"]
[WhiteFideId "5202213"]
[BlackFideId "44105681"]
[WhiteElo "2742"]
[BlackElo "2398"]
[Result "1-0"]
[Round "03"]
[TimeControl "180+1"]
[Date "2022.06.28"]
[WhiteClock "0:00:10"]
[BlackClock "0:00:07"]

1. e4 c5 2. Nf3 d6 3. Bb5+ Nd7 4. a4 Nf6 5. Nc3 e6 6. a5 a6 7. Be2 Be7 8. O-O O-O 9. Re1 Qc7 10. Bf1 Ne5 11. Nxe5 dxe5 12. d3 Bd7 13. Bd2 Rad8 14. Na4 Bc6 15. b3 Nd7 16. Qe2 f5 17. g3 Rde8 18. Bg2 Bd6 19. Nb2 Qd8 20. Nc4 Bc7 21. h4 f4 22. Bh3 Qf6 23. Rf1 Kh8 24. Qh5 h6 25. Kh1 Kh7 26. Bc3 g6 27. Qe2 Bb5 28. Na3 Nb8 29. Bb2 Bd7 30. Nc4 Bb5 31. Nd2 Bd7 32. Ba3 Qe7 33. Nc4 Nc6 34. c3 Nxa5 35. Bxc5 Qxc5 36. b4 Qe7 37. Nxa5 Rb8 38. Nb3 Rf7 39. Nc5 Bc8 40. Qa2 Rf6 41. Qc4 Bd6 42. d4 exd4 43. e5 Bxe5 44. Rae1 Bd6 45. Ne4 b5 46. Nxf6+ Qxf6 47. Qxd4 e5 48. Qa7+ Bb7+ 49. Bg2 f3 50. Bh3 Qg7 51. Rd1 Bf8 52. Rd7 1-0


[Site "https://www.chess.com"]

[Event "Titled Tuesday Blitz June 28 Late 2022"]
[White "Souleidis, Georgios"]
[Black "Jorajuria Mendoza, Algol"]
[WhiteFideId "4206827"]
[BlackFideId "5128897"]
[WhiteElo "2401"]
[BlackElo "1600"]
[Result "0-1"]
[Round "03"]
[TimeControl "180+1"]
[Date "2022.06.29"]
[WhiteClock "0:00:02"]
[BlackClock "0:00:03"]

1. e4 c5 2. Be2 Nc6 3. f4 e6 4. d3 Nge7 5. Nf3 g6 6. O-O Bg7 7. c3 d5 8. Na3 O-O 9. Nc2 b5 10. a3 a5 11. e5 Bb7 12. d4 cxd4 13. Ncxd4 Nf5 14. Nxb5 f6 15. exf6 Bxf6 16. a4 Qb6+ 17. Kh1 Rad8 18. Bd3 d4 19. Qe2 Rfe8 20. Bd2 e5 21. fxe5 Nxe5 22. Nxe5 Rxe5 23. Bc4+ Kh8 24. Qf2 Bh4 25. Qf4 Re4 26. Qc7 Qxc7 27. Nxc7 Rd7 28. Nb5 d3 29. b3 Re2 30. Rg1 Rxd2 0-1


[Site "https://www.chess.com"]

[Event "Titled Tuesday Blitz June 28 Late 2022"]
[White "Svane, Rasmus"]
[Black "Samsonkin, Artiom"]
[WhiteFideId "4657101"]
[BlackFideId "13503111"]
[WhiteElo "2674"]
[BlackElo "2513"]
[Result "1-0"]
[Round "03"]
[TimeControl "180+1"]
[Date "2022.06.28"]
[WhiteClock "0:01:23"]
[BlackClock "0:00:03"]

1. Nf3 Nf6 2. g3 b5 3. d4 Bb7 4. Bg2 e6 5. Bg5 c5 6. O-O Be7 7. c3 cxd4 8. cxd4 h6 9. Bxf6 Bxf6 10. Nbd2 O-O 11. a4 b4 12. a5 a6 13. Nc4 d6 14. e3 Be7 15. Qa4 Nd7 16. Rfc1 Rc8 17. Ne1 Bxg2 18. Kxg2 d5 19. Nd2 e5 20. Nd3 exd4 21. exd4 Nf6 22. Nxb4 Rxc1 23. Rxc1 Qb8 24. Nc6 1-0


[Site "https://www.chess.com"]

[Event "Titled Tuesday Blitz June 28 Late 2022"]
[White "Svicevic, Rastko"]
[Black "Silva, Kaua Marques"]
[WhiteFideId "916315"]
[BlackFideId "22701168"]
[WhiteElo "2049"]
[BlackElo "2071"]
[Result "1-0"]
[Round "03"]
[TimeControl "180+1"]
[Date "2022.06.29"]
[WhiteClock "0:01:57"]
[BlackClock "0:01:07"]

1. d4 Nf6 2. Bg5 g6 3. Bxf6 exf6 4. e3 d5 5. g3 Bd6 6. Bg2 c6 7. Ne2 Nd7 8. Nd2 O-O 9. O-O Re8 10. c4 dxc4 11. Nxc4 Bc7 12. Rc1 Nf8 13. Nf4 Ne6 14. Nd3 Bd7 15. Qb3 Rb8 16. Rfd1 Qe7 17. Ne1 Red8 18. e4 Be8 19. d5 cxd5 20. exd5 Nc5 21. Qa3 Bd6 22. Nxd6 Qxd6 23. Qxc5 Qa6 24. a3 Ba4 25. Rd4 b6 26. Qb4 Bd7 27. Rc7 Qe2 28. Bf1 Qe5 29. Rxa7 Rbc8 30. Nd3 Qg5 31. Qe7 Be8 32. d6 Qb5 33. d7 1-0


[Site "https://www.chess.com"]

[Event "Titled Tuesday Blitz June 28 Late 2022"]
[White "Tanenbaum, Zachary"]
[Black "Kulon, Klaudia"]
[WhiteFideId "2060850"]
[BlackFideId "1131044"]
[WhiteElo "2702"]
[BlackElo "2490"]
[Result "1-0"]
[Round "03"]
[TimeControl "180+1"]
[Date "2022.06.29"]
[WhiteClock "0:00:01"]
[BlackClock "0:00:02"]

1. e4 c6 2. d4 d5 3. exd5 cxd5 4. Bd3 Nc6 5. c3 Nf6 6. Bf4 Bg4 7. Qb3 Qc8 8. Nd2 e6 9. Ngf3 Be7 10. O-O Bh5 11. c4 dxc4 12. Nxc4 Bxf3 13. gxf3 O-O 14. Rfd1 Rd8 15. Be5 Nd5 16. Rac1 Qd7 17. Be4 Rac8 18. Kh1 Nxe5 19. Nxe5 Qd6 20. Qxb7 Rb8 21. Qc6 Rxb2 22. Qxd6 Bxd6 23. Nc4 Rbb8 24. Bxd5 exd5 25. Ne3 Rb5 26. Rb1 Ra5 27. Rb2 Rc8 28. Rdb1 g6 29. Kg2 Ra4 30. Rd1 Ra5 31. Rd3 Kg7 32. Kf1 Rc1+ 33. Kg2 Ra1 34. Rdd2 h5 35. h3 Kf6 36. Rdc2 Ke6 37. Re2 Kf6 38. Rb7 R1xa2 39. Nxd5+ Kg7 40. Rxa2 Rxa2 41. Rd7 Bf8 42. Nc7 Kf6 43. d5 a5 44. Ne8+ Ke5 45. f4+ Kd4 46. Rxf7 Bc5 47. f5 gxf5 48. Rxf5 Kc4 49. d6 Rd2 50. Rf4+ Kb5 51. Rf5 a4 52. Nc7+ Kc6 53. Ne6 Bxd6 54. Rxh5 a3 55. Ra5 a2 56. Nd4+ Kb6 57. Ra4 Be5 58. Nb3 Rb2 59. Nc1 a1=Q 60. Rxa1 Rxf2+ 61. Kxf2 Bxa1 62. Kf3 Bh8 63. Kg4 Kc7 64. Kf5 Kd6 65. Kg6 Ke5 66. Ne2 Ke4 67. h4 Kf3 68. Nc1 Ke4 69. h5 Bb2 70. Nb3 Kd5 71. h6 Ke6 72. Nc5+ Ke7 73. h7 Ba1 74. Ne4 Bb2 75. Ng3 Ke6 76. Nh5 Ba1 77. Ng7+ 1-0


[Site "https://www.chess.com"]

[Event "Titled Tuesday Blitz June 28 Late 2022"]
[White "Tari, Aryan"]
[Black "Tatarinov, Dmitry"]
[WhiteFideId "1510045"]
[BlackFideId "24160067"]
[WhiteElo "2567"]
[BlackElo "2302"]
[Result "1-0"]
[Round "03"]
[TimeControl "180+1"]
[Date "2022.06.28"]
[WhiteClock "0:01:14"]
[BlackClock "0:01:35"]

1. Nf3 d5 2. d4 Nf6 3. Bf4 c5 4. e3 e6 5. Nbd2 Bd6 6. dxc5 Bxf4 7. exf4 Nbd7 8. Nb3 Qc7 9. g3 Nxc5 10. Nbd4 O-O 11. Bg2 Bd7 12. O-O Rfd8 13. Ne5 Rac8 14. c3 b5 15. Re1 a5 16. a3 Qb6 17. Nxd7 Ncxd7 18. Qe2 b4 19. axb4 axb4 20. Ra6 Qb7 21. cxb4 Rc4 22. Qxc4 Nb8 23. Ra5 dxc4 24. Bxb7 Rxd4 25. Ra8 Nd7 26. Bc6 1-0


[Site "https://www.chess.com"]